 Dungeon Crawl Stone Soup version 0.29.0-4-gdea44cf6ec (webtiles) character file.

Game seed: 14651440227777041287

21 qw the Chopper (level 2, -6/17 HPs)
             Began as a Tengu Warper on Aug 28, 2022.
             Mangled by a gnoll
             ... wielding a +0 club
              (9 damage)
             ... on level 2 of the Dungeon.
             The game lasted 00:00:03 (1092 turns).

qw the Chopper (Tengu Warper)                       Turns: 1092, Time: 00:00:04

Health: -6/17      AC:  3    Str: 11    XL:     2   Next: 87%
Magic:  6/6        EV: 11    Int: 13    God:
Gold:   62         SH:  0    Dex: 13    Spells: 5/5 levels left

rFire   . . .      SeeInvis .   Y - +0 hand axe
rCold   . . .      Faith    .   (no shield)
rNeg    . . .      Spirit   .   b - +0 leather armour
rPois   .          Reflect  .   (helmet restricted)
rElec   .          Harm     .   (no cloak)
rCorr   .          Rampage  .   (no gloves)
Will    +....                   (boots unavailable)
Stlth   +.........              (no amulet)
HPRegen 0.05/turn               h - ring of willpower
MPRegen 0.10/turn               (no ring)

@: no status effects
A: beak, talons 3
a: no special abilities


You were on level 2 of the Dungeon.
You visited 1 branch of the dungeon, and saw 2 of its levels.

You collected 62 gold pieces.


Innate Abilities, Weirdness & Mutations

You have a beak for a mouth.
You have claws for feet.


   Skills:
 - Level 2.0 Fighting
 + Level 3.6 Axes
 - Level 1.0 Throwing
 - Level 1.1 Armour
 - Level 2.1 Dodging
 - Level 2.0 Spellcasting
 - Level 2.4 Translocations


You had 5 spell levels left.
You didn't know any spells.
Your spell library contained the following spells:

 Spells                   Type           Power      Damage    Failure   Level
 Blink                    Tloc           14%        N/A       19%         2
 Gell's Gravitas          Tloc           7%         N/A       36%         3
 Lesser Beckoning         Tloc           7%         N/A       36%         3
 Teleport Other           Tloc           7%         N/A       36%         3
 Manifold Assault         Tloc           7%         N/A       98%         5

Inventory:

Hand Weapons
 d - a +0 club
 Y - a +0 hand axe (weapon)
Armour
 b - a +0 leather armour (worn)
Jewellery
 h - a ring of willpower (left hand)
Scrolls
 a - a scroll of identify
 m - a scroll of enchant armour
Potions
 c - a potion of experience {unknown}
 l - a potion of mutation {unknown}
 n - a potion of curing

Dungeon Overview and Level Annotations

Branches:
Dungeon (2/15)

Altars:


Message History

You barely miss the kobold. You claw the kobold.
The kobold is heavily wounded.
The kobold barely misses you.
You hit the kobold.
You kill the kobold!
c - a murky inky potion
Things that are here:
a +0 short sword; a kobold corpse You now have 62 gold pieces (gained 16).
Things that are here:
a +0 short sword; a kobold corpse
There is an open door here.
You open the door.
Found a book of Changes.
There is an open door here.
Enter note: A gnoll comes into view. It is wielding a +0 spear.
A gnoll comes into view. It is wielding a +0 club.
The gnoll shouts!
You hear a shout! x2
A gnoll comes into view. It is wielding a +0 club.
A gnoll comes into view. It is wielding a +0 spear.
The gnoll closely misses you.
You barely miss the gnoll. You peck the gnoll.
The gnoll is lightly wounded.
The gnoll closely misses you.
The gnoll hits you from afar with a +0 spear.
You barely miss the gnoll. Your kick misses the gnoll. You peck the gnoll.
The gnoll is heavily wounded.
You hit the gnoll but do no damage. The gnoll hits you with a +0 club.
The gnoll misses you.
You hit the gnoll but do no damage. You claw the gnoll. You peck the gnoll.
You kill the gnoll!
You hit the gnoll but do no damage. You hit the gnoll.
The gnoll hits you with a +0 club. The gnoll barely misses you. x2
You barely miss the gnoll.
The gnoll is lightly wounded.
You hit the gnoll. The gnoll hits you with a +0 club.
The gnoll hits you with a +0 club!
Ouch! That really hurt!
You die...

.... #........
.... #.........
..... #..........
..... #...........
......#...........
.....g#...........
#....g)..........
#.###g@..........
#................
######
..................
.....#
........:.........
.....#
.......###'##.....
###..# ....... #.#
.... ..#..#
##..... #.# ...
#.#..# ...... #.#
#.#..#.########
#.#


You could see 3 gnolls.

Vanquished Creatures
  A gnoll (D:2)
  A dart slug (D:1)
  An endoplasm (D:1)
  A giant cockroach (D:1)
  A goblin (D:1)
  A hobgoblin (D:1)
  A ball python (D:1)
  A bat (D:1)
  2 kobolds
10 creatures vanquished.

Notes
Turn   | Place    | Note
-------+----------+-------------------------------------------
     0 | D:1      | qw the Tengu Warper began the quest for the Orb.
     0 | D:1      | Reached XP level 1. HP: 12/12 MP: 4/4
     0 | D:1      | 0 ||| qw: Version: 0.1-a-89-g26bdef1
     0 | D:1      | 0 ||| qw: Game counter: 2399
     0 | D:1      | 0 ||| qw: Always use a shield: true
     0 | D:1      | 0 ||| qw: God list: Okawaru
     0 | D:1      | 0 ||| qw: Allow faded altars: false
     0 | D:1      | 0 ||| qw: Do Orc after D:15 true
     0 | D:1      | 0 ||| qw: Do second Lair branch before Depths: true
     0 | D:1      | 0 ||| qw: Lair rune preference: random
     0 | D:1      | 0 ||| qw: Plans: Normal
     0 | D:1      | 0 ||| PLANNING D:1-11
   103 | D:1      | Found a faded altar of an unknown god.
   200 | D:1      | 200 ||| Stepping ~*~*~tactically~*~*~ (stealth).
   415 | D:1      | 415 ||| UPGRADING to ring of willpower.
   416 | D:1      | 416 ||| READING 3 scrolls labelled GOCLUM BOI.
   417 | D:1      | 417 ||| READING scroll labelled URISI KUNT.
   536 | D:1      | 536 ||| Stepping ~*~*~tactically~*~*~ (hiding).
   640 | D:1      | Reached skill level 3 in Axes
   640 | D:1      | Reached XP level 2. HP: 16/17 MP: 6/6
   795 | D:1      | 795 ||| READING scroll labelled LYCLAESK UHUL.
   929 | D:1      | 929 ||| READING scroll labelled DAREULO JIALOU.
   930 | D:1      | 930 ||| READING scroll labelled NANENASO MIMUZIXE.
   931 | D:1      | 931 ||| READING 2 scrolls labelled CUFAHE HIDUER.
   932 | D:1      | 932 ||| DRINKING 2 murky purple potions.
   933 | D:1      | 933 ||| READING 2 scrolls of identify.
   933 | D:1      | 933 ||| IDENTIFYING fizzy grey potion
   934 | D:1      | 934 ||| DROPPING scroll of blinking.
   935 | D:1      | 935 ||| DROPPING potion of lignification.
  1092 | D:2      | HP: 3/17 [gnoll/+0 club (2)]
  1092 | D:2      | Mangled by a gnoll

Levels and vault maps discovered:
D:1:      dpeg_arrival_rhombi, layout_loops_cross,
          dreamdust_ecumenical_altar_angels_and_demons, item_on_display_b
D:2:      layout_basic, kennysheep_small_spiral, minmay_tripent

Skill      XL: |  1 |
---------------+----+-----
Axes           | 3 |  3.6
Fighting       | |  2.0
Throwing       | |  1.0
Armour         | |  1.1
Dodging        | |  2.1
Spellcasting   | |  2.0
Translocations | |  2.4

Action                   || total
-------------------------++-------
Melee: Hand axe          ||    18
       Kick              ||     6
       Peck              ||     4
Throw: Boomerang         ||     7
  Use: Scroll            ||     7
       Potion            ||     1
Armor: Leather armour    ||     5
Dodge: Dodged            ||    10

Table legend:
 A = Non-vault XP
 B = Vault XP
 C = Vault XP percentage of total XP
 D = Non-vault monster count
 E = Vault monster count
 F = Vault count percentage of total count
                 A         B        C        D         E       F
            +---------+---------+-------+---------+---------+-------
      Total |      31 |       0 |   0.0 |      10 |       0 |   0.0
            +---------+---------+-------+---------+---------+-------
        D:1 |      15 |       0 |   0.0 |       8 |       0 |   0.0
        D:2 |      16 |       0 |   0.0 |       2 |       0 |   0.0
            +---------+---------+-------+---------+---------+-------
